AoeStats
← Eyeball013

Glade

503557167Analyzed
1v1 RM · 2mo ago on Sep 1, 2026· 54m 4s· 2 players
Game mode
Random Map
Map size
Tiny (2 player)
Population
200
Speed
Normal
Resources
Standard
Victory
Conquest
Starting age
Dark Age
Ending age
Imperial Age
RankedLock teamsTeams togetherTeam positionsShared explorationLock speedFull tech treeHidden civsTurbo modeCheats
Victory
Defeat
🇲🇽 Persians · Mexico
732
+15
vs
🇨🇦 Georgians · Canada
721
-15
Eyeball013
9:07 Loom
11:24 Feudal Age
18:18 Castle Age
18:48 Forging
18:28 Double-Bit Axe
20:46 Iron Casting
21:49 Fletching
22:26 Bow Saw
23:44 Svan Towers
24:29 Scale Barding Armor
26:42 Bodkin Arrow
28:17 Stone Mining
29:33 Wheelbarrow
28:44 Town Watch
29:56 Murder Holes
30:24 Pikeman
33:43 Ballistics
34:00 Chain Barding Armor
33:46 Horse Collar
39:46 Imperial Age
37:20 Squires
37:37 Heavy Plow
38:11 Elite Skirmisher
40:13 Padded Archer Armor
40:19 Scale Mail Armor
40:44 Bracer
42:31 Crop Rotation
42:32 Gold Mining
46:24 Halberdier
47:38 Leather Archer Armor
47:40 Chain Mail Armor
54:39 Block Printing
io00001
12:12 Feudal Age
16:14 Castle Age
14:21 Fletching
14:20 Double-Bit Axe
16:27 Wheelbarrow
18:22 Horse Collar
19:12 Bow Saw
20:56 Town Watch
22:51 Bodkin Arrow
26:24 Kamandaran
28:09 Town Patrol
28:28 Hand Cart
28:59 Thumb Ring
29:02 Crossbowman
30:51 Ballistics
30:27 Murder Holes
30:34 Loom
33:46 Scale Barding Armor
33:51 Forging
33:43 Scale Mail Armor
33:45 Padded Archer Armor
35:17 Chain Barding Armor
35:14 Masonry
43:58 Imperial Age
42:17 Gold Mining
43:53 Fervor
46:29 Gold Shaft Mining
47:21 Chemistry
46:47 Citadels
46:58 Conscription
47:27 Leather Archer Armor
47:48 Iron Casting
47:56 Plate Barding Armor
49:43 Capped Ram
51:28 Hoardings
Connection lost

Rejoining the realm…

Still unreachable

The connection could not be restored.

Session expired

The server has moved on; the page needs a fresh start.